TOP OF THE 1ST |
Omaha Storm Chasers batting - Pitching for Iowa Oaks : RHP Dwight Gooden
|
Pitching: RHP Dwight Gooden
|
|
Batting: RHB Jay Schellin
|
0-0: Ball 1-0: Ball 2-0: Swinging Strike 2-1: Ball 3-1: Foul Ball, location: 2F 3-2: Foul Ball, location: 2F 3-2: Foul Ball, location: 2F 3-2: Base on Balls
|
Batting: SHB Rafael Landestoy
|
0-0: Ball 1-0: Ball 2-0: Ball 3-0: Base on Balls Jay Schellin to second
|
Batting: RHB Don Money
|
0-0: Ball 1-0: SINGLE (Groundball, 34D, EV 102.5 MPH) Jay Schellin to third Rafael Landestoy to second Runner from 3rd tries for Home, SAFE, throw by RF to home
|
Batting: LHB Andy Carlton
|
0-0: Called Strike 0-1: Ball 1-1: Ball 2-1: Swinging Strike 2-2: Foul Ball, location: 2F 2-2: Strikes out swinging
|
Batting: RHB Eddie Gates
|
0-0: Ball Don Money steals 2nd base Rafael Landestoy steals 3rd base 1-0: Foul Ball, location: 2F 1-1: Ball 2-1: Ball 3-1: Fly out, F8 (Flyball, 8RM, EV 94.4 MPH) Runner from 3rd tags up, SCORES, no throw by CF
|
Batting: RHB Mike Allport
|
0-0: Ground out 6-3 (Groundball, 6M, EV 96.9 MPH)
|
Top of the 1st over - 2 runs, 1 hit, 0 errors, 1 left on base; Omaha 2 - Iowa 0 |
BOTTOM OF THE 1ST |
Iowa Oaks batting - Pitching for Omaha Storm Chasers : LHP Neal Heaton
|
Pitching: LHP Neal Heaton
|
|
Batting: SHB Rod Craig
|
0-0: Ball 1-0: Bunted foul 1-1: DOUBLE (Flyball, 78XD, EV 92.5 MPH)
|
Batting: RHB Edgar Flores
|
0-0: Ball 1-0: Ball 2-0: Foul Ball, location: 2F 2-1: Ball 3-1: Foul Ball, location: 2F 3-2: Strikes out swinging
|
Batting: LHB Ronald Little
|
0-0: Ball 1-0: Foul Ball, location: 2F 1-1: Ball 2-1: SINGLE (Groundball, 25, EV 70.6 MPH) (infield hit) Rod Craig to third
|
Batting: SHB Mike Turgeon
|
0-0: Foul Ball, location: 2F 0-1: Ball Ronald Little is caught stealing 2nd base 2-4 1-1: Ball 2-1: Foul Ball, location: 2F 2-2: Fly out, F8 (Flyball, 89M, EV 86.9 MPH)
|
Bottom of the 1st over - 0 runs, 2 hits, 0 errors, 1 left on base; Omaha 2 - Iowa 0 |
TOP OF THE 2ND |
Omaha Storm Chasers batting - Pitching for Iowa Oaks : RHP Dwight Gooden
|
Batting: SHB Larry Bowa
|
0-0: Ball 1-0: Called Strike 1-1: Called Strike 1-2: Foul Ball, location: 2F 1-2: Ball 2-2: DOUBLE (Line Drive, 78M, EV 97.5 MPH)
|
Batting: RHB Odie Davis
|
0-0: Ball 1-0: Ball 2-0: Foul Ball, location: 2F 2-1: Swinging Strike 2-2: Foul Ball, location: 2F 2-2: Ball 3-2: Strikes out swinging
|
Batting: LHB Charles Ross
|
0-0: Foul Ball, location: 2F 0-1: Foul Ball, location: 2F 0-2: Ball 1-2: Foul Ball, location: 2F 1-2: Ball 2-2: Foul Ball, location: 2F 2-2: Ground out U3 (Groundball, 3L, EV 88.8 MPH) Larry Bowa to third
|
Batting: RHB Jay Schellin
|
0-0: Ball 1-0: Ball 2-0: Called Strike 2-1: Foul Ball, location: 2F 2-2: Ball 3-2: Foul Ball, location: 2F 3-2: Base on Balls
|
Batting: SHB Rafael Landestoy
|
0-0: Ball 1-0: Called Strike 1-1: Ground out 4-3 (Groundball, 4, EV 80.0 MPH)
|
Top of the 2nd over - 0 runs, 1 hit, 0 errors, 2 left on base; Omaha 2 - Iowa 0 |
BOTTOM OF THE 2ND |
Iowa Oaks batting - Pitching for Omaha Storm Chasers : LHP Neal Heaton
|
Batting: RHB Jordan Arredondo
|
0-0: Swinging Strike 0-1: Ground out 6-3 (Groundball, 56, EV 106.3 MPH)
|
Batting: LHB Gary Jones
|
0-0: Called Strike 0-1: Ball 1-1: Foul Ball, location: 2F 1-2: Ball 2-2: Ground out U3 (Groundball, 13, EV 88.1 MPH)
|
Batting: RHB Mark Benson
|
0-0: Swinging Strike 0-1: Foul Ball, location: 2F 0-2: Ground out 5-3 (Groundball, 56, EV 88.1 MPH)
|
Bottom of the 2nd over - 0 runs, 0 hits, 0 errors, 0 left on base; Omaha 2 - Iowa 0 |
TOP OF THE 3RD |
Omaha Storm Chasers batting - Pitching for Iowa Oaks : RHP Dwight Gooden
|
Batting: RHB Don Money
|
0-0: Fly out, F8 (Flyball, 8LD, EV 99.4 MPH)
|
Batting: LHB Andy Carlton
|
0-0: Called Strike 0-1: Ball 1-1: Swinging Strike 1-2: Ball 2-2: Ball 3-2: Ground out 6-3 (Groundball, 6, EV 83.8 MPH)
|
Batting: RHB Eddie Gates
|
0-0: SOLO HOME RUN (Flyball, 78XD, EV 92.5 MPH), Distance : 405 ft
|
Batting: RHB Mike Allport
|
0-0: Ball 1-0: Swinging Strike 1-1: Ball 2-1: Foul Ball, location: 2F 2-2: Ball 3-2: Base on Balls
|
Batting: SHB Larry Bowa
|
0-0: Called Strike Mike Allport steals 2nd base 0-1: Ball 1-1: SINGLE (Groundball, 34D, EV 105.0 MPH) (infield hit) Mike Allport to third
|
Batting: RHB Odie Davis
|
0-0: Foul Ball, location: 2F 0-1: Ball 1-1: Called Strike 1-2: Fielders Choice at 2nd, 6-4 (Groundball, 6, EV 83.1 MPH)
|
Top of the 3rd over - 1 run, 2 hits, 0 errors, 2 left on base; Omaha 3 - Iowa 0 |
BOTTOM OF THE 3RD |
Iowa Oaks batting - Pitching for Omaha Storm Chasers : LHP Neal Heaton
|
Batting: LHB Wayne Krenchicki
|
0-0: Foul Ball, location: 2F 0-1: Fly out, F8 (Flyball, 8RD, EV 92.5 MPH)
|
Batting: RHB Thomas Vessey
|
0-0: Fly out, F8 (Line Drive, 8LD, EV 93.1 MPH)
|
Batting: SHB Rod Craig
|
0-0: Ball 1-0: Called Strike 1-1: Ground out 4-3 (Groundball, 4, EV 91.3 MPH)
|
Bottom of the 3rd over - 0 runs, 0 hits, 0 errors, 0 left on base; Omaha 3 - Iowa 0 |
TOP OF THE 4TH |
Omaha Storm Chasers batting - Pitching for Iowa Oaks : RHP Dwight Gooden
|
Batting: LHB Charles Ross
|
0-0: Ball 1-0: Swinging Strike 1-1: Foul Ball, location: 2F 1-2: Strikes out swinging, 2-3 out at first.
|
Batting: RHB Jay Schellin
|
0-0: Ball 1-0: Foul Ball, location: 2F 1-1: Swinging Strike 1-2: Ball 2-2: Strikes out swinging
|
Batting: SHB Rafael Landestoy
|
0-0: Called Strike 0-1: Ball 1-1: Swinging Strike 1-2: Ball 2-2: Ball 3-2: Ground out 6-3 (Groundball, 6, EV 110.0 MPH)
|
Top of the 4th over - 0 runs, 0 hits, 0 errors, 0 left on base; Omaha 3 - Iowa 0 |
BOTTOM OF THE 4TH |
Iowa Oaks batting - Pitching for Omaha Storm Chasers : LHP Neal Heaton
|
Batting: RHB Edgar Flores
|
0-0: Foul Ball, location: 2F 0-1: Ball 1-1: Swinging Strike 1-2: Fly out, F6 (Line Drive, 6, EV 70.0 MPH)
|
Batting: LHB Ronald Little
|
0-0: Called Strike 0-1: Called Strike 0-2: Ball 1-2: Ball 2-2: SINGLE (Groundball, 15S, EV 70.6 MPH) (infield hit)
|
Batting: SHB Mike Turgeon
|
0-0: Swinging Strike 0-1: Foul Ball, location: 2F 0-2: Ball 1-2: Ground out 3-1 (Groundball, 13, EV 76.3 MPH) Ronald Little to second
|
Batting: RHB Jordan Arredondo
|
0-0: Called Strike 0-1: Ball 1-1: Foul Ball, location: 2F 1-2: Strikes out looking
|
Bottom of the 4th over - 0 runs, 1 hit, 0 errors, 1 left on base; Omaha 3 - Iowa 0 |
TOP OF THE 5TH |
Omaha Storm Chasers batting - Pitching for Iowa Oaks : RHP Dwight Gooden
|
Batting: RHB Don Money
|
0-0: Ball 1-0: Called Strike 1-1: Ground out 3-1 (Groundball, 34, EV 78.1 MPH)
|
Batting: LHB Andy Carlton
|
0-0: Foul Ball, location: 2F 0-1: Ball 1-1: Ball 2-1: Called Strike 2-2: Ball 3-2: Foul Ball, location: 2F 3-2: Base on Balls
|
Batting: RHB Eddie Gates
|
0-0: Ball 1-0: Foul Ball, location: 2F 1-1: Called Strike 1-2: Strikes out swinging
|
Batting: RHB Mike Allport
|
0-0: Ball 1-0: Foul Ball, location: 2F 1-1: Foul Ball, location: 2F 1-2: Fly out, F8 (Flyball, 78D, EV 89.4 MPH)
|
Top of the 5th over - 0 runs, 0 hits, 0 errors, 1 left on base; Omaha 3 - Iowa 0 |
BOTTOM OF THE 5TH |
Iowa Oaks batting - Pitching for Omaha Storm Chasers : LHP Neal Heaton
|
Batting: LHB Gary Jones
|
0-0: Ball 1-0: Called Strike 1-1: Swinging Strike 1-2: Ball 2-2: Strikes out swinging
|
Batting: RHB Mark Benson
|
0-0: Ground out 5-3 (Groundball, 5, EV 100.0 MPH)
|
Batting: LHB Wayne Krenchicki
|
0-0: Foul Ball, location: 2F 0-1: Ball 1-1: Ball 2-1: Ball 3-1: Base on Balls
|
Batting: RHB Thomas Vessey
|
0-0: Fly out, F8 (Flyball, 8LM, EV 85.0 MPH)
|
Bottom of the 5th over - 0 runs, 0 hits, 0 errors, 1 left on base; Omaha 3 - Iowa 0 |
TOP OF THE 6TH |
Omaha Storm Chasers batting - Pitching for Iowa Oaks : RHP Dwight Gooden
|
Batting: SHB Larry Bowa
|
0-0: Ball 1-0: Called Strike 1-1: SINGLE (Groundball, 34D, EV 103.8 MPH)
|
Batting: RHB Odie Davis
|
0-0: Called Strike 0-1: Ball 1-1: Ball 2-1: Ground out 5-3 (Groundball, 56S, EV 68.1 MPH) Larry Bowa to second
|
Batting: LHB Charles Ross
|
0-0: Ball 1-0: Called Strike 1-1: Called Strike 1-2: Foul Ball, location: 2F 1-2: Foul Ball, location: 2F 1-2: Ball 2-2: Strikes out looking
|
Batting: RHB Jay Schellin
|
0-0: Ball 1-0: SINGLE (Groundball, 5S, EV 70.6 MPH) (infield hit) Larry Bowa to third
|
Batting: SHB Rafael Landestoy
|
0-0: Ball 1-0: Fly out, F9 (Flyball, 9, EV 95.6 MPH)
|
Top of the 6th over - 0 runs, 2 hits, 0 errors, 2 left on base; Omaha 3 - Iowa 0 |
BOTTOM OF THE 6TH |
Iowa Oaks batting - Pitching for Omaha Storm Chasers : LHP Neal Heaton
|
Batting: SHB Rod Craig
|
0-0: Ball 1-0: Fly out, F9 (Flyball, 89S, EV 95.0 MPH)
|
Batting: RHB Edgar Flores
|
0-0: Fly out, F8 (Line Drive, 8RD, EV 89.4 MPH)
|
Batting: LHB Ronald Little
|
0-0: Called Strike 0-1: Called Strike 0-2: Ball 1-2: Fly out, F7 (Flyball, 7S, EV 90.6 MPH)
|
Bottom of the 6th over - 0 runs, 0 hits, 0 errors, 0 left on base; Omaha 3 - Iowa 0 |
TOP OF THE 7TH |
Omaha Storm Chasers batting - Pitching for Iowa Oaks : RHP Dwight Gooden
|
Batting: RHB Don Money
|
0-0: Fly out, F9 (Flyball, 9S, EV 94.4 MPH)
|
Batting: LHB Andy Carlton
|
0-0: Swinging Strike 0-1: Ball 1-1: Fly out, F5 (Popup, 5, EV 61.9 MPH)
|
Batting: RHB Eddie Gates
|
0-0: Ground out 6-3 (Groundball, 6M, EV 83.8 MPH)
|
Top of the 7th over - 0 runs, 0 hits, 0 errors, 0 left on base; Omaha 3 - Iowa 0 |
BOTTOM OF THE 7TH |
Iowa Oaks batting - Pitching for Omaha Storm Chasers : LHP Neal Heaton
|
Batting: SHB Mike Turgeon
|
0-0: Called Strike 0-1: Swinging Strike 0-2: Ball 1-2: Ball 2-2: Ball 3-2: Foul Ball, location: 2F 3-2: Single, Error in OF, E8, batter to second base (Line Drive, 6MD, EV 96.3 MPH)
|
Batting: RHB Jordan Arredondo
|
0-0: Swinging Strike 0-1: Fly out, F7 (Flyball, 7S, EV 88.1 MPH)
|
Batting: LHB Gary Jones
|
0-0: Ball 1-0: Ball 2-0: Ball 3-0: Foul Ball, location: 2F 3-1: DOUBLE (Line Drive, 9LS, EV 100.6 MPH) Mike Turgeon scores
|
Batting: RHB Mark Benson
|
0-0: DOUBLE (Line Drive, 8RD, EV 109.4 MPH) Gary Jones scores
|
Pinch Hitting: RHB Mike Richardt
|
0-0: Foul Ball, location: 2F 0-1: Ball 1-1: Foul Ball, location: 2F 1-2: SINGLE (Line Drive, 34, EV 108.8 MPH) Mark Benson to third
|
Batting: RHB Thomas Vessey
|
0-0: Called Strike 0-1: Fly out, F6 (Popup, 6M, EV 56.3 MPH)
|
Batting: SHB Rod Craig
|
0-0: Fly out, F4 (Line Drive, 4, EV 76.3 MPH)
|
Bottom of the 7th over - 2 runs, 4 hits, 1 error, 2 left on base; Omaha 3 - Iowa 2 |
TOP OF THE 8TH |
Omaha Storm Chasers batting - Pitching for Iowa Oaks : RHP Dwight Gooden
|
Now at 2B: Mike Richardt
|
|
Batting: RHB Mike Allport
|
0-0: Swinging Strike 0-1: Ball 1-1: Foul Ball, location: 2F 1-2: Ball 2-2: Strikes out swinging
|
Batting: SHB Larry Bowa
|
0-0: Ball 1-0: Ground out 3-1 (Groundball, 34S, EV 87.5 MPH)
|
Batting: RHB Odie Davis
|
0-0: Ball 1-0: Swinging Strike 1-1: Foul Ball, location: 2F 1-2: Ball 2-2: Strikes out looking
|
Top of the 8th over - 0 runs, 0 hits, 0 errors, 0 left on base; Omaha 3 - Iowa 2 |
BOTTOM OF THE 8TH |
Iowa Oaks batting - Pitching for Omaha Storm Chasers : LHP Neal Heaton
|
Batting: RHB Edgar Flores
|
0-0: SINGLE (Groundball, 6MD, EV 110.6 MPH)
|
Batting: LHB Ronald Little
|
0-0: Ball 1-0: Foul Ball, location: 2F 1-1: Ball 2-1: Called Strike 2-2: Foul Ball, location: 2F 2-2: Strikes out swinging
|
Batting: SHB Mike Turgeon
|
0-0: Called Strike 0-1: Ball 1-1: Ball 2-1: Grounds into double play, 6-4-3 (Groundball, 6, EV 101.9 MPH)
|
Bottom of the 8th over - 0 runs, 1 hit, 0 errors, 0 left on base; Omaha 3 - Iowa 2 |
TOP OF THE 9TH |
Omaha Storm Chasers batting - Pitching for Iowa Oaks : RHP Dwight Gooden
|
Batting: LHB Charles Ross
|
0-0: Called Strike 0-1: Ball 1-1: Foul Ball, location: 2F 1-2: Ball 2-2: Fly out, F5 (Popup, 5DF, EV 66.3 MPH)
|
Batting: RHB Jay Schellin
|
0-0: Ball 1-0: Foul Ball, location: 2F 1-1: Ball 2-1: Called Strike 2-2: Foul Ball, location: 2F 2-2: Ball 3-2: Foul Ball, location: 2F 3-2: Foul Ball, location: 2F 3-2: Base on Balls
|
Batting: SHB Rafael Landestoy
|
Pickoff Throw to First - Error! E1 Jay Schellin to second 0-0: Ball 1-0: Ground out 5-3 (Groundball, 5S, EV 64.4 MPH) Jay Schellin to third
|
Batting: RHB Don Money
|
0-0: Ball 1-0: Ball 2-0: Ball 3-0: Called Strike 3-1: Called Strike 3-2: Foul Ball, location: 2F 3-2: Foul Ball, location: 2F 3-2: Foul Ball, location: 2F 3-2: Foul Ball, location: 2F 3-2: Strikes out looking
|
Top of the 9th over - 0 runs, 0 hits, 1 error, 1 left on base; Omaha 3 - Iowa 2 |
BOTTOM OF THE 9TH |
Iowa Oaks batting - Pitching for Omaha Storm Chasers : LHP Neal Heaton
|
Batting: RHB Jordan Arredondo
|
0-0: Ball 1-0: Ball 2-0: Called Strike 2-1: SINGLE (Line Drive, 7LM, EV 98.1 MPH)
|
Batting: LHB Gary Jones
|
0-0: Ball 1-0: Called Strike 1-1: Called Strike 1-2: Ball 2-2: Ball 3-2: Base on Balls Jordan Arredondo to second
|
Batting: RHB Mark Benson
|
0-0: Called Strike 0-1: Ball 1-1: Ball 2-1: Foul Ball, location: 2F 2-2: Grounds into double play, 6-4-3 (Groundball, 56, EV 91.9 MPH) Jordan Arredondo to third
|
Batting: RHB Mike Richardt
|
0-0: Ball 1-0: Ball 2-0: Called Strike 2-1: Called Strike 2-2: Ball 3-2: Ground out 5-3 (Groundball, 56, EV 110.6 MPH)
|
Bottom of the 9th over - 0 runs, 1 hit, 0 errors, 1 left on base; Omaha 3 - Iowa 2 |
|